 Dungeon Crawl Stone Soup version 0.28-a0-823-gb444dcf96d (webtiles) character file.

Game seed: 3069598142601050946

0 meatgazer the Skirmisher (level 1, 0/18 HPs)
             Began as a Demonspawn Abyssal Knight on Nov 9, 2021.
             Was a Follower of Lugonu.
             Slain by a meliai (shapeshifter) (8 damage)
             ... on level 1 of the Abyss.
             The game lasted 00:00:44 (117 turns).

meatgazer the Skirmisher (Demonspawn Abyssal Knight) Turns: 117, Time: 00:00:44

Health: 0/18       AC:  3    Str: 13    XL:     1   Next: 0%
Magic:  2/2        EV: 11    Int: 11    God:    Lugonu [*.....]
Gold:   9          SH:  0    Dex: 13    Spells: 0/0 levels left

rFire   . . .      SeeInvis .   a - +1 hand axe
rCold   . . .      Faith    .   (no shield)
rNeg    . . .      Spirit   .   b - +0 leather armour
rPois   .          Reflect  .   (no helmet)
rElec   .          Harm     .   (no cloak)
rCorr   .          Rampage  .   (no gloves)
Will    .....                   (no boots)
Stlth   +.........              (no amulet)
HPRegen 0.06/turn               (no ring)
MPRegen 0.08/turn               (no ring)

@: very slightly contaminated
A: no striking features
a: Renounce Religion, Depart the Abyss


You were on level 1 of the Abyss.
You worshipped Lugonu.
Lugonu was aware of your devotion.
You visited 0 branches of the dungeon, and saw 0 of its levels.
You visited the Abyss 1 time.

You collected 9 gold pieces.

Inventory:

Hand Weapons
 a - a +1 hand axe (weapon)
Armour
 b - a +0 leather armour (worn)


   Skills:
 + Level 3.0 Fighting
 + Level 1.7 Axes
 + Level 1.7 Armour
 + Level 0.8 Dodging
 + Level 2.4 Invocations


You couldn't memorise any spells.
You didn't know any spells.
Your spell library contained the following spells:

 Spells                   Type           Power      Damage    Failure   Level
 Ignite Poison            Fire/Tmut/Pois 0%         N/A       80%         3
 Mephitic Cloud           Conj/Pois/Air  0%         N/A       80%         3
 Freezing Cloud           Conj/Ice/Air   0%         6-21      100%        5


Dungeon Overview and Level Annotations

Branches:
Dungeon (0/15)

Altars:


Message History

The bone dragon is attracted toward you.
A bone dragon comes into view.
The bone dragon is attracted toward you.
Found a gateway leading out of the Abyss.
Found a hunting sling.
You feel less attractive to monsters.
You flicker for a moment.
A tentacle flies out from the starspawn's body!
A starspawn tentacle comes into view.
An orange demon and a starspawn tentacle come into view.
The starspawn tentacle grabs you. The starspawn tentacle constricts you.
You escape the starspawn tentacle's grasp.
The starspawn tentacle grabs you. The starspawn tentacle constricts you.
You escape the starspawn tentacle's grasp.
You flicker back into view.
The orange demon screeches!
You fade into invisibility!
You enter the shallow water.
Moving in this stuff is going to be slow. ...and don't expect to remain undetected.
A tarantella comes into view.
The orange demon misses you.
The tarantella hisses angrily.
A tentacle flies out from the starspawn's body!
A starspawn tentacle comes into view.
A tentacle flies out from the starspawn's body!
A starspawn tentacle comes into view.
The tarantella touches you.
The tarantella changes into a meliai!
A large abomination comes into view.
You flicker for a moment.
A tentacle flies out from the starspawn's body!
A starspawn tentacle comes into view.
You flicker back into view.
The meliai closely misses you. The meliai stings you.
You hit the meliai.
The meliai is lightly wounded.
The meliai hits you. The meliai closely misses you.
The meliai barely misses you. The meliai stings you!
You die...

.##.#.X.#.### X#
.#. #.#.# .w..#
###. ...
s####.#.##...#.#.#
# #...........#..
. #.##.#.#.###..#
### ..#. ....#.#
≈≈≈≈≈≈.≈## #..##
≈≈≈≈≈≈≈≈#...###y##
.≈≈≈≈≈≈≈≈......#@#
≈≈≈≈#≈≈≈#...#.####
≈≈≈≈≈≈≈≈..#.#..
≈≈≈≈≈ ≈.#.. #.
≈≈≈≈≈≈≈≈.##. .# #


You could see a meliai shaped shifter.

Vanquished Creatures (others)
  8 starspawn tentacles (Abyss:1)
8 creatures vanquished.

Notes
Turn   | Place    | Note
-------+----------+-------------------------------------------
     0 | Abyss:1  | meatgazer the Demonspawn Abyssal Knight began the quest for
                  | the Orb.
     0 | Abyss:1  | Reached XP level 1. HP: 18/18 MP: 2/2
    38 | Abyss:1  | Noticed a small abomination
    41 | Abyss:1  | Noticed a bone dragon
    69 | Abyss:1  | Noticed a tentacled starspawn
    69 | Abyss:1  | Noticed a large abomination
    75 | Abyss:1  | Noticed an orange demon
    89 | Abyss:1  | Noticed a tarantella
   106 | Abyss:1  | Noticed a meliai
   106 | Abyss:1  | a tarantella changed into a meliai
   107 | Abyss:1  | Noticed a large abomination
   117 | Abyss:1  | Slain by a meliai (shapeshifter)

Illustrated notes

Levels and vault maps discovered:
Abyss:1:  base: Temple, minivault_25, minivault_4, base: Temple,
          hangedman_relentless_pull

Action                   || total
-------------------------++-------
Melee: Hand axe          ||     1
  Use: Potion            ||     3
Dodge: Dodged            ||     4

Table legend: (Time is in decaauts)
 A = Elapsed time spent in this place.
 B = Non-inter-level travel time spent in this place.
 C = Inter-level travel time spent in this place.
 D = Time resting spent in this place.
 E = Time spent auto-exploring this place.
 F = Levels seen in this place.
 G = Mean time per level.
                   A        B        C        D        E       F      G
               +--------+--------+--------+--------+--------+-----+--------+
         Total |    119 |    119 |      0 |      0 |     34 |   1 |  119.0 |
         Abyss |    119 |    119 |      0 |      0 |     34 |   1 |  119.0 |
               +--------+--------+--------+--------+--------+-----+--------+

Top non-repeatable levels by time:
 Abyss:1: 119 daAuts
